Match 36768211
Unlisted

Match 36768211
End
Selects Battlefield Espionage Battlegroup
Panzergrenadier Squad
Panzergrenadier Squad
250 Light Carrier
Construct Light Support Kompanie
2.5-tonne Medical Truck
Fire Support Elements
Selects 250/3 Funkpanzerwagen
Selects Intel Disruption Beacon
Pak 38 Mechanized Group
Veteran Squad Leaders
Selects Plunder
2.5-tonne Medical Truck
MG34 Team
Selects 250/3 Funkpanzerwagen
Combat Half-tracks
Panzergrenadier Squad
Pak 38 Anti-tank Gun Team
Construct Panzerarmee Kommand
Selects Anti-Tank Incendiary Munitions
2.5-tonne Medical Truck
Selects Firestorm
Firestorm
Panzer III L Medium Tank
Tungsten Core Ammunition
Flakvierling Half-track
Armored Reserves
Firestorm
Selects Operation Skorpion
Panzergrenadier Squad
2.5-tonne Medical Truck
Tiger Heavy Tank
Firestorm
2.5-tonne Medical Truck
Flakvierling Half-track
Communist Gorrila
OnlyJustWhite
楚云飞
banksss33
mayham_iZ4
OPENHERE
0
0

Comments sign in to comment!

No comments posted yet!